Orko, chaotic female orcish Wizard -------------------------------- ------------ |..............................| #|..........| | ------ --------------..-----[| ###|..........| |...|....| +..+ |.| ###...........| |...|....| |..| |..######## |..........| -- |...||------|..| |.| |.........<| . ...|.|..|+/|.-----|.| ----.------- -. --|--.|..|![|.-....|.| # +.-+--/.!*.-|-|..|.|.._.|.| # |./)......+...-+--.| ...|.| # -+---.----:--.....(| ...|.| # |.+ |@o|--+---- ---|.| ### |.| |[(|....| .|############### |.- |))|....| |.|# --|-|------- -. --------- -.|# |...>......| . .|# |..........| --- ---# ------------ Orko the Thaumaturge Experience level: 6 Strength: 11 Dexterity: 15 Constitution: 12 Intelligence: 16 Wisdom: 6 Charisma: 11 Health: 0(37) Energy: 18(38) Def: 6 Gold: 67 Moves: 1587 Dungeon seed: 2CIE90xyj5ZgGmb4 Game ID: Orko_1569301061 Your Inventory: Rings C - an uncursed ring of see invisible D - an uncursed ring of levitation Armor k - an uncursed +0 Hawaiian shirt n - an uncursed +0 cloak of magic resistance (being worn) p - an uncursed +0 dwarvish cloak r - an uncursed +0 pair of leather gloves (being worn) s - an uncursed +0 cloak of invisibility u - an uncursed +0 studded leather armor (being worn) z - an uncursed +0 pair of water walking boots (being worn) N - an uncursed +1 dwarvish cloak Weapons a - an uncursed +0 orcish dagger (weapon in hand) b - a blessed +1 quarterstaff (alternate weapon; not wielded) d - a cursed -1 dagger f - an uncursed +0 knife i - 3 blessed +2 arrows named +2 q - 2 uncursed +1 daggers named +1 v - an uncursed +0 dagger x - 17 uncursed +0 darts y - 3 uncursed +2 daggers named +2 (in quiver) Wands H - an uncursed wand of fire named zi (0:2) J - an uncursed wand of striking (0:6) K - an uncursed wand of striking (0:2) Potions F - an uncursed potion of extra healing G - an uncursed potion of speed V - an uncursed potion of confusion Scrolls c - a cursed scroll of create monster B - 3 uncursed scrolls of teleportation E - a blessed scroll of teleportation I - an uncursed scroll of scare monster R - an uncursed scroll of identify S - a blessed scroll of confuse monster Comestibles t - an uncursed egg M - 3 uncursed food rations U - an uncursed tripe ration Tools e - an uncursed partly used tallow candle (0:15) Gems l - an uncursed rock o - an uncursed garnet stone Q - an uncursed sapphire W - an uncursed worthless piece of violet glass Y - an uncursed emerald Coins $ - 67 gold pieces Spells and supernatural/magical abilities: Name Level Category Fail Memory a - force bolt 1 attack 0% 93% r - remove curse 3 clerical 91% 93% W - pray for help -- divine ? -- Your skills at the end: Fighting Skills Weapon Skills dagger [Basic] quarterstaff [Basic] Spellcasting Skills attack spells [Basic] enchantment spells [Basic] Final Attributes: You had transgressed. You were poison resistant. You were magic-protected. You were hallucinating. You had infravision. You could walk on water. You are dead. Vanquished creatures: a small mimic 2 watchmen an imp 5 gnome lords 3 gnomish wizards a little dog 5 dwarves 2 hill orcs 4 monkeys a hobbit 19 gnomes 2 geckos 3 jackals a fox 2 kobolds a goblin a sewer rat a grid bug a lichen a kobold zombie 5 newts and a partridge in a pear tree 62 creatures vanquished. Voluntary challenges: You were an atheist. You used a wielded weapon 43 times, starting on turn 309. You read items or engraved 2 times, starting on turn 1350. You never genocided any monsters. You never polymorphed an object. You never changed form. You used no wishes. You never split a pudding. You never wrote Elbereth's name. You violated your moral code, losing 63 points of alignment, starting on turn 362. You abstained from Elbereth's help. You werepermanently hallucinating. Dungeon overview: The Dungeons of Doom: levels 1 to 3 Level 1 a fountain a long staircase Level 2 a general store, a fountain Level 3 stairs to The Gnomish Mines The Gnomish Mines: levels 4 to 7 Level 4 stairs to The Dungeons of Doom Level 5 Level 6 <- You were here some shops, a temple to Ptah Level 7 History has recorded: On T:1 you entered the Dungeons of Doom to retrieve the Amulet of Yendor! On T:107 you reached level 2 of The Dungeons of Doom. On T:362 you advanced to experience level 2. On T:642 you reached level 3 of The Dungeons of Doom. On T:753 you reached level 1 of The Gnomish Mines. On T:835 you advanced to experience level 3. On T:868 you advanced to experience level 4. On T:971 you reached level 2 of The Gnomish Mines. On T:1035 you advanced to experience level 5. On T:1084 you reached level 3 of The Gnomish Mines. On T:1105 you reached level 4 of The Gnomish Mines. On T:1341 you advanced to experience level 6. Score breakdown: Gold: 67 ( 6233 points) Experience: 6 levels (12456 points) Exploration: 7 levels ( 15.22%) (10954 points) Discoveries: 8 items ( 2.89%) ( 5098 points) Valuables value: (no points given unless you survive) Artifact value: 0 ( 0 points) Variety of kills: 21 monsters ( 5.51%) ( 7043 points) Turncount: 1587 turns ( 0 points) Survival: died (score multiplied by 80%) Total score: 33427 Latest messages: A dwarvish cloak; you sold it for 25 gold pieces. Your movements are now unencumbered. You have a little trouble lifting d - a dagger. Your movements are slowed slightly because of your load. The winged gargoyle wields a long sword! The long sword welds itself to the gnomish wizard's hand! The leather golem hits! The spell hits it. The battlemech hits! The shrieker hits! The bolt of fire misses it. Steam billows from the fountain. The fountain dries up! The bolt of fire bounces! Godzilla hits! The hill giant hits! You die... Asidonhopo gratefully inherits all your possessions. Final status: Goodbye Orko the Wizard, killed by a hallucinogen-distorted watch captain... You died in The Gnomish Mines on dungeon level 6 with 33427 points, and 67 pieces of gold, after 1587 moves. You were level 6 with a maximum of 37 hit points when you died.